[Event "FICS rated lightning game"]
[Site "FICS freechess.org"]
[FICSGamesDBGameNo "20002092"]
[White "Sooty"]
[Black "VrtA"]
[WhiteElo "1558"]
[BlackElo "1546"]
[WhiteRD "na"]
[BlackRD "na"]
[TimeControl "60+0"]
[Date "1999.09.25"]
[Time "21:30:00"]
[WhiteClock "0:01:00.000"]
[BlackClock "0:01:00.000"]
[ECO "A01"]
[PlyCount "63"]
[Result "1-0"]

1. b3 e5 2. Bb2 f6 3. d4 Nc6 4. dxe5 fxe5 5. Nf3 d6 6. e3 Bg4 7. Be2 Nf6 8. Ba3 Be7 9. Bb2 O-O 10. h3 Bxf3 11. Bxf3 e4 12. Be2 Ne5 13. f4 exf3 14. gxf3 Ng6 15. Bc4+ Kh8 16. Nd2 Nd7 17. Ne4 Bf6 18. Nxf6 Nxf6 19. Bxf6 Qxf6 20. O-O Qc3 21. Bd3 Qf6 22. Qc1 Qg5+ 23. Kf2 Nh4 24. Ke2 Rxf3 25. Rxf3 Nxf3 26. Qf1 Rf8 27. Kd1 Ne5 28. Kc1 Qe7 29. Kb2 Nxd3+ 30. Ka3 Qe5 31. Ka4 Qc5 32. b4 {Black forfeits on time} 1-0

[Event "FICS rated lightning game"]
[Site "FICS freechess.org"]
[FICSGamesDBGameNo "20002091"]
[White "WinnieDPooh"]
[Black "knightvision"]
[WhiteElo "1874"]
[BlackElo "1706"]
[WhiteRD "na"]
[BlackRD "na"]
[TimeControl "60+0"]
[Date "1999.09.25"]
[Time "18:18:00"]
[WhiteClock "0:01:00.000"]
[BlackClock "0:01:00.000"]
[ECO "A17"]
[PlyCount "85"]
[Result "1-0"]

1. c4 e6 2. Nc3 Nf6 3. d4 Be7 4. Nf3 O-O 5. e4 c5 6. e5 Ne8 7. d5 exd5 8. cxd5 d6 9. Be2 dxe5 10. Nxe5 Nd7 11. Nxd7 Bxd7 12. O-O Nd6 13. Bf3 b6 14. Qd2 Rc8 15. Qc2 f5 16. Bf4 Qe8 17. Rae1 Qf7 18. Re2 Rce8 19. Rfe1 Ne4 20. Nxe4 fxe4 21. Bxe4 Bf5 22. Bxf5 Qxf5 23. Qxf5 Rxf5 24. d6 Rxf4 25. d7 Rd8 26. Rxe7 Rff8 27. g3 g6 28. R1e2 h5 29. Kg2 g5 30. Rd2 g4 31. Rd5 a5 32. Rg5+ Kh8 33. Rxh5+ Kg8 34. Rg5+ Kh8 35. Re6 Rf7 36. Rh6+ Rh7 37. Rxh7+ Kxh7 38. Rxg4 Rxd7 39. b3 Kh6 40. h3 Kh5 41. Rf4 Rd6 42. Rf7 Kg5 43. Rb7 {Black forfeits on time} 1-0

[Event "FICS rated blitz game"]
[Site "FICS freechess.org"]
[FICSGamesDBGameNo "20002090"]
[White "Turkishmaster"]
[Black "adder"]
[WhiteElo "1646"]
[BlackElo "1611"]
[WhiteRD "na"]
[BlackRD "na"]
[TimeControl "180+0"]
[Date "1999.09.25"]
[Time "18:17:00"]
[WhiteClock "0:03:00.000"]
[BlackClock "0:03:00.000"]
[ECO "B21"]
[PlyCount "77"]
[Result "1-0"]

1. e4 c5 2. d4 cxd4 3. Bc4 e6 4. Nf3 Nc6 5. Nxd4 Nxd4 6. Qxd4 a6 7. a4 b6 8. Nc3 Bb7 9. O-O Rc8 10. Bb3 Qc7 11. Bf4 d6 12. Rfd1 e5 13. Bxe5 dxe5 14. Qe3 Nf6 15. Nd5 Bxd5 16. exd5 Bd6 17. f4 e4 18. Kh1 Bxf4 19. Qd4 Qd6 20. h3 Nh5 21. Qxe4+ Be5 22. Rd3 O-O 23. g4 Nf4 24. Re1 Rce8 25. Rde3 f6 26. g5 Bxb2 27. Qxe8 Rxe8 28. Rxe8+ Kf7 29. Rc8 Bc3 30. Ree8 Kg6 31. gxf6 Qxf6 32. Rc6 Ne6 33. dxe6 Be5 34. Rec8 Qf3+ 35. Kg1 Bg3 36. e7+ Kh5 37. e8=Q+ g6 38. Rc5+ Kh6 39. Qf8+ {Black forfeits on time} 1-0

[Event "FICS rated blitz game"]
[Site "FICS freechess.org"]
[FICSGamesDBGameNo "20002089"]
[White "richhughes"]
[Black "relentless"]
[WhiteElo "829"]
[BlackElo "1444"]
[WhiteRD "na"]
[BlackRD "na"]
[TimeControl "180+12"]
[Date "1999.09.25"]
[Time "18:16:00"]
[WhiteClock "0:03:00.000"]
[BlackClock "0:03:00.000"]
[ECO "B01"]
[PlyCount "64"]
[Result "0-1"]

1. e4 d5 2. d3 c6 3. exd5 Qxd5 4. Nc3 Qa5 5. Bd2 Nf6 6. Ne4 Qf5 7. g4 Nxg4 8. Bh3 Qb5 9. Bxg4 f5 10. Bxf5 Qxf5 11. Qf3 g6 12. Qxf5 gxf5 13. Ng5 h6 14. N5f3 Bg7 15. O-O-O Be6 16. Bb4 a5 17. Re1 Kf7 18. Bc5 Nd7 19. Ba3 b5 20. Nh3 b4 21. Bxb4 axb4 22. Kd2 Rxa2 23. b3 Bc3+ 24. Ke3 Bxe1 25. Nxe1 Rg8 26. Nf3 Rxc2 27. Nd4 Bd5 28. Nf4 Bxh1 29. Nxf5 Rc3 30. Ne2 Rxb3 31. Nfd4 Ra3 32. Nxc6 Bxc6 {White resigns} 0-1

[Event "FICS rated blitz game"]
[Site "FICS freechess.org"]
[FICSGamesDBGameNo "20002088"]
[White "USranger"]
[Black "mikev"]
[WhiteElo "1388"]
[BlackElo "1322"]
[WhiteRD "na"]
[BlackRD "na"]
[TimeControl "300+0"]
[Date "1999.09.25"]
[Time "18:14:00"]
[WhiteClock "0:05:00.000"]
[BlackClock "0:05:00.000"]
[ECO "B40"]
[PlyCount "77"]
[Result "1-0"]

1. e4 c5 2. d3 e6 3. Nf3 Nc6 4. Be2 a6 5. O-O d6 6. c3 Nge7 7. Be3 Ng6 8. h3 Be7 9. d4 O-O 10. dxc5 dxc5 11. Qc2 Qb6 12. Nbd2 Qc7 13. Nc4 b5 14. Ncd2 e5 15. b3 Nf4 16. Bxf4 exf4 17. Bd3 Bf6 18. e5 Nxe5 19. Nxe5 Bxe5 20. Bxh7+ Kh8 21. Be4 Ra7 22. Nf3 f5 23. Nxe5 Qxe5 24. Bf3 Qf6 25. Rad1 Bb7 26. Bxb7 Rxb7 27. f3 Re7 28. Rde1 Rfe8 29. Rxe7 Rxe7 30. Qd2 Re3 31. c4 b4 32. Qd5 Qd4 33. Qa8+ Kh7 34. Kh1 Qd3 35. Rg1 Re6 36. Qf8 Qd4 37. Qxf5+ Rg6 38. Qh5+ Kg8 39. Qxg6 {Black resigns} 1-0

[Event "FICS rated blitz game"]
[Site "FICS freechess.org"]
[FICSGamesDBGameNo "20002087"]
[White "outarde"]
[Black "kesava"]
[WhiteElo "1017"]
[BlackElo "925"]
[WhiteRD "na"]
[BlackRD "na"]
[TimeControl "360+12"]
[Date "1999.09.25"]
[Time "17:51:00"]
[WhiteClock "0:06:00.000"]
[BlackClock "0:06:00.000"]
[ECO "D35"]
[PlyCount "112"]
[Result "0-1"]

1. d4 Nf6 2. c4 d5 3. e3 e6 4. Nc3 Bb4 5. Bd2 b6 6. Rc1 Bb7 7. Nb5 Bxd2+ 8. Qxd2 a6 9. Nc3 Nc6 10. cxd5 Nxd5 11. Be2 O-O 12. Nf3 Qe7 13. O-O Ndb4 14. e4 Rad8 15. Qe3 Rd7 16. Rcd1 Rfd8 17. d5 exd5 18. Nxd5 Nxd5 19. exd5 Qxe3 20. fxe3 Rxd5 21. Nd4 Nxd4 22. exd4 Rxd4 23. Rxd4 Rxd4 24. a3 c5 25. b3 a5 26. Bc4 Rd7 27. Bb5 Re7 28. Bd3 h6 29. h3 Bd5 30. b4 axb4 31. a4 b3 32. Kh2 c4 33. Rf5 Bc6 34. Bxc4 b2 35. Bd3 Be4 36. Bxe4 Rxe4 37. Rf1 Rxa4 38. Rb1 Rb4 39. Kg1 g5 40. Kf2 f5 41. Ke2 Kf7 42. Kd3 g4 43. Kc3 Rf4 44. h4 Rf2 45. Rxb2 Rxb2 46. Kxb2 Ke6 47. Kb3 Kd5 48. Kb4 Kc6 49. Kc3 b5 50. Kb4 f4 51. Kb3 f3 52. gxf3 gxf3 53. Kc2 f2 54. Kd2 f1=Q 55. Ke3 Qh3+ 56. Kf2 Qxh4+ {White resigns} 0-1

[Event "FICS rated blitz game"]
[Site "FICS freechess.org"]
[FICSGamesDBGameNo "20002086"]
[White "Musha"]
[Black "TnTDyNaMiTe"]
[WhiteElo "1668"]
[BlackElo "1531"]
[WhiteRD "na"]
[BlackRD "na"]
[TimeControl "180+0"]
[Date "1999.09.25"]
[Time "17:08:00"]
[WhiteClock "0:03:00.000"]
[BlackClock "0:03:00.000"]
[ECO "B21"]
[PlyCount "27"]
[Result "1-0"]

1. e4 c5 2. Nf3 Nc6 3. d4 cxd4 4. c3 dxc3 5. Nxc3 d6 6. Bc4 e6 7. O-O Be7 8. Qe2 Bd7 9. Rd1 Rc8 10. Nb5 Qb6 11. Nxd6+ Bxd6 12. Rxd6 Nf6 13. e5 O-O 14. exf6 {Black resigns} 1-0

[Event "FICS rated blitz game"]
[Site "FICS freechess.org"]
[FICSGamesDBGameNo "20002085"]
[White "andycap"]
[Black "kotov"]
[WhiteElo "1736"]
[BlackElo "1732"]
[WhiteRD "na"]
[BlackRD "na"]
[TimeControl "120+12"]
[Date "1999.09.25"]
[Time "16:17:00"]
[WhiteClock "0:02:00.000"]
[BlackClock "0:02:00.000"]
[ECO "A20"]
[PlyCount "64"]
[Result "0-1"]

1. c4 e5 2. g3 Nc6 3. Bg2 Bc5 4. e3 d6 5. Ne2 Bg4 6. h3 Bh5 7. Nbc3 f5 8. d3 Nf6 9. a3 a5 10. Nd5 O-O 11. Bd2 e4 12. d4 Ba7 13. Nxf6+ Qxf6 14. Bc3 g5 15. Qd2 a4 16. O-O-O Bb6 17. Kb1 Ba5 18. Rde1 Bf7 19. d5 Bxc3 20. Nxc3 Ne5 21. g4 Nxc4 22. Qe2 Nxa3+ 23. Ka2 Bxd5+ 24. Kxa3 Qf7 25. gxf5 Bc4 26. Qg4 Bd3 27. Qd1 b5 28. b4 axb3+ 29. Kb2 Bc2 30. Qd5 Ra2+ 31. Kc1 Qxd5 32. Nxd5 Bd3 {White resigns} 0-1

[Event "FICS rated blitz game"]
[Site "FICS freechess.org"]
[FICSGamesDBGameNo "20002084"]
[White "Engstrom"]
[Black "systel"]
[WhiteElo "1752"]
[BlackElo "1809"]
[WhiteRD "na"]
[BlackRD "na"]
[TimeControl "300+0"]
[Date "1999.09.25"]
[Time "14:29:00"]
[WhiteClock "0:05:00.000"]
[BlackClock "0:05:00.000"]
[ECO "D46"]
[PlyCount "155"]
[Result "1/2-1/2"]

1. d4 d5 2. c4 c6 3. Nf3 e6 4. e3 Nf6 5. Nc3 Be7 6. Bd3 O-O 7. O-O Nbd7 8. e4 dxe4 9. Nxe4 b6 10. Qe2 Bb7 11. Bg5 h6 12. Bh4 Rc8 13. Nxf6+ Nxf6 14. Rad1 Qe8 15. Rfe1 Qd7 16. Bb1 Rfd8 17. Ne5 Qe8 18. Qd3 g6 19. Nxg6 fxg6 20. Rxe6 Qf7 21. Rxe7 Qxe7 22. Qxg6+ Qg7 23. Qxf6 Qxf6 24. Bxf6 Rf8 25. Be5 Rcd8 26. f4 Ba6 27. b3 b5 28. Bd3 bxc4 29. Bxc4+ Bxc4 30. bxc4 Kf7 31. d5 cxd5 32. cxd5 Rd7 33. Kf2 Rc8 34. Rd2 Kg6 35. g4 h5 36. h3 Rc3 37. Kg2 Rc4 38. d6 hxg4 39. hxg4 a5 40. Kf3 a4 41. Rd3 Rb4 42. Rc3 Rb6 43. Rc7 Rbxd6 44. Bxd6 Rxd6 45. Ra7 Rd4 46. Ra6+ Kf7 47. g5 Rc4 48. Kg4 Rd4 49. Ra5 Kg6 50. Ra6+ Kg7 51. Kf3 Rc4 52. f5 Rc5 53. Ke4 Rc4+ 54. Kd5 Rc7 55. Rxa4 Rb7 56. Ra5 Kf7 57. Ke5 Re7+ 58. Kd5 Rd7+ 59. Kc6 Re7 60. Rd5 Re2 61. a4 Rg2 62. g6+ Kf6 63. a5 Ra2 64. Kb6 Rb2+ 65. Rb5 Ra2 66. a6 Ra3 67. Kb7 Ra2 68. a7 Ra3 69. a8=Q Rxa8 70. Kxa8 Kg7 71. Rb7+ Kh6 72. g7 Kh7 73. f6 Kg8 74. Rb8+ Kf7 75. g8=Q+ Kxf6 76. Rb5 Ke7 77. Qg6 Kf8 78. Rb7 {Game drawn by stalemate} 1/2-1/2

[Event "FICS rated blitz game"]
[Site "FICS freechess.org"]
[FICSGamesDBGameNo "20002082"]
[White "dingoman"]
[Black "GidalteNeto"]
[WhiteElo "1107"]
[BlackElo "1116"]
[WhiteRD "na"]
[BlackRD "na"]
[TimeControl "120+12"]
[Date "1999.09.25"]
[Time "13:53:00"]
[WhiteClock "0:02:00.000"]
[BlackClock "0:02:00.000"]
[ECO "B01"]
[PlyCount "45"]
[Result "1-0"]

1. e4 d5 2. exd5 Qxd5 3. Nc3 Qe6+ 4. Qe2 Qxe2+ 5. Bxe2 Nf6 6. Bc4 Bg4 7. d3 h6 8. Be3 e6 9. h3 Bh5 10. a3 Bd6 11. Nf3 O-O 12. Nh4 Nbd7 13. g4 Bg6 14. O-O-O Bh7 15. Kb1 Bc5 16. Bxc5 Nxc5 17. Nb5 Rfc8 18. Rhe1 a6 19. Nc3 b5 20. d4 Na4 21. Nxa4 bxc4 22. Nc5 Nd5 23. Nf3 {Black resigns} 1-0

[Event "FICS rated blitz game"]
[Site "FICS freechess.org"]
[FICSGamesDBGameNo "20002081"]
[White "EEBEE"]
[Black "makarp"]
[WhiteElo "1242"]
[BlackElo "1222"]
[WhiteRD "na"]
[BlackRD "na"]
[TimeControl "300+0"]
[Date "1999.09.25"]
[Time "12:10:00"]
[WhiteClock "0:05:00.000"]
[BlackClock "0:05:00.000"]
[ECO "C50"]
[PlyCount "120"]
[Result "1/2-1/2"]

1. e4 e5 2. Nf3 Nc6 3. Bc4 Bc5 4. d3 d6 5. Ng5 Nh6 6. Nf3 Ng4 7. Be3 Bxe3 8. fxe3 Nxe3 9. Qd2 Nxg2+ 10. Qxg2 O-O 11. Ng5 h6 12. Bxf7+ Rxf7 13. Nxf7 Kxf7 14. Rf1+ Kg8 15. Qg6 Qe7 16. Nd2 Nd4 17. O-O-O Bh3 18. Rg1 Ne2+ 19. Kb1 Nxg1 20. Rxg1 Be6 21. Nf3 Rf8 22. Qxh6 Rxf3 23. b3 Qf7 24. Kb2 Rf2 25. Qe3 Rxh2 26. Qxa7 Bc8 27. Qe3 Qf6 28. Qg3 Rf2 29. a4 Be6 30. Rg2 Rxg2 31. Qxg2 d5 32. Qd2 d4 33. Qb4 b6 34. Qb5 Bf7 35. Qd7 c5 36. Qb5 Kh7 37. a5 bxa5 38. Qxa5 Kh6 39. Qxc5 g5 40. Qf8+ Kg6 41. Qc8 Kh5 42. Qh3+ Kg6 43. Qg4 Be6 44. Qg3 g4 45. b4 Kg5 46. c3 dxc3+ 47. Kxc3 Qf3 48. Qe1 g3 49. Qd2+ Kg4 50. b5 g2 51. Qxg2+ Qxg2 52. Kb4 Qb2+ 53. Kc5 Qa3+ 54. Kc6 Qxd3 55. b6 Qxe4+ 56. Kd6 Qd5+ 57. Ke7 Qc5+ 58. Kf6 Qxb6 59. Kxe5 Bb3 60. Ke4 Qb4+ {Game drawn because both players ran out of time} 1/2-1/2

[Event "FICS rated blitz game"]
[Site "FICS freechess.org"]
[FICSGamesDBGameNo "20002080"]
[White "Itai"]
[Black "stuytown"]
[WhiteElo "1093"]
[BlackElo "1546"]
[WhiteRD "na"]
[BlackRD "na"]
[TimeControl "120+12"]
[Date "1999.09.25"]
[Time "11:45:00"]
[WhiteClock "0:02:00.000"]
[BlackClock "0:02:00.000"]
[ECO "C54"]
[PlyCount "32"]
[Result "0-1"]

1. e4 e5 2. Nf3 Nc6 3. Bc4 Bc5 4. c3 Nf6 5. d4 exd4 6. cxd4 Bb4+ 7. Bd2 Bxd2+ 8. Qxd2 Nxe4 9. Qe2 d5 10. Bxd5 Qxd5 11. O-O Bg4 12. Re1 f5 13. Qc2 O-O 14. Qd3 Bxf3 15. Qxf3 Nxd4 16. Nc3 Nxf3+ {White resigns} 0-1

[Event "FICS rated blitz game"]
[Site "FICS freechess.org"]
[FICSGamesDBGameNo "20002079"]
[White "Modler"]
[Black "kingethree"]
[WhiteElo "1974"]
[BlackElo "1979"]
[WhiteRD "na"]
[BlackRD "na"]
[TimeControl "180+0"]
[Date "1999.09.25"]
[Time "10:55:00"]
[WhiteClock "0:03:00.000"]
[BlackClock "0:03:00.000"]
[ECO "B00"]
[PlyCount "120"]
[Result "1/2-1/2"]

1. e4 Nc6 2. d4 d5 3. e5 h5 4. c3 Bg4 5. f3 Bf5 6. Ne2 h4 7. Nf4 g5 8. Nd3 e6 9. Be3 Bh6 10. Nf2 Nge7 11. Ng4 Bxg4 12. fxg4 Ng6 13. Bd3 Nf4 14. O-O h3 15. g3 Nxd3 16. Qxd3 Qe7 17. Nd2 O-O-O 18. b4 Rdf8 19. Rf6 Bg7 20. Bxg5 Bxf6 21. Bxf6 Qe8 22. Bxh8 Rxh8 23. Rf1 Qg8 24. Qf3 Rh7 25. a3 Rg7 26. Rf2 Nd8 27. Nf1 Rxg4 28. Ne3 Rg6 29. Qf4 Qg7 30. Qh4 Qh6 31. Qxh6 Rxh6 32. Rf4 Kd7 33. Kf2 Ke7 34. g4 f6 35. exf6+ Rxf6 36. Rxf6 Kxf6 37. Kg3 e5 38. Kxh3 c6 39. Kg3 Ne6 40. dxe5+ Kxe5 41. h4 d4 42. cxd4+ Kxd4 43. Nf5+ Ke5 44. h5 Kf6 45. h6 Ng5 46. Nd6 b6 47. Nc8 c5 48. bxc5 bxc5 49. Nxa7 c4 50. Nb5 Ne4+ 51. Kf4 c3 52. Nxc3 Nxc3 53. g5+ Kg6 54. Kg4 Na4 55. Kf4 Nb6 56. Ke5 Na4 57. Ke6 Nb6 58. Ke7 Nd5+ 59. Kf8 Nc7 60. Kg8 Nd5 {White ran out of time and Black has no material to mate} 1/2-1/2

[Event "FICS rated blitz game"]
[Site "FICS freechess.org"]
[FICSGamesDBGameNo "20002077"]
[White "jurjenolav"]
[Black "Atlan"]
[WhiteElo "1364"]
[BlackElo "1595"]
[WhiteRD "na"]
[BlackRD "na"]
[TimeControl "300+0"]
[Date "1999.09.25"]
[Time "09:14:00"]
[WhiteClock "0:05:00.000"]
[BlackClock "0:05:00.000"]
[ECO "B01"]
[PlyCount "88"]
[Result "0-1"]

1. e4 d5 2. f3 dxe4 3. fxe4 e5 4. Nf3 Bg4 5. Bb5+ c6 6. Bc4 Bc5 7. Nc3 Qf6 8. Qe2 Bxf3 9. gxf3 Qh4+ 10. Kd1 Nf6 11. d4 Bxd4 12. Be3 Bxc3 13. bxc3 Nbd7 14. Rb1 b5 15. Bd3 O-O 16. c4 a6 17. Rg1 Kh8 18. Rg3 Rad8 19. cxb5 cxb5 20. Kd2 Nh5 21. Rg4 Qe7 22. Bg5 f6 23. Be3 Nc5 24. Bxc5 Qxc5 25. Rb3 Nf4 26. Qe3 Qxe3+ 27. Kxe3 Nxd3 28. Rxd3 Rxd3+ 29. Kxd3 Rd8+ 30. Ke3 Kg8 31. Rg2 Kf7 32. h4 g6 33. c3 Ke6 34. Rd2 Rxd2 35. Kxd2 g5 36. h5 f5 37. Ke3 fxe4 38. fxe4 g4 39. Kf2 Kf6 40. Kg3 Kg5 41. h6 a5 42. a3 Kh5 43. Kf2 Kh4 44. Kg2 g3 {White resigns} 0-1

[Event "FICS rated blitz game"]
[Site "FICS freechess.org"]
[FICSGamesDBGameNo "20002076"]
[White "babbo"]
[Black "NoZedAvenger"]
[WhiteElo "1407"]
[BlackElo "1398"]
[WhiteRD "na"]
[BlackRD "na"]
[TimeControl "300+0"]
[Date "1999.09.25"]
[Time "08:24:00"]
[WhiteClock "0:05:00.000"]
[BlackClock "0:05:00.000"]
[ECO "A02"]
[PlyCount "67"]
[Result "1/2-1/2"]

1. f4 Nf6 2. Nc3 g6 3. e4 Bg7 4. e5 Ng8 5. d4 d6 6. Nf3 dxe5 7. dxe5 Qxd1+ 8. Nxd1 Bf5 9. Bd3 Nh6 10. h3 Nc6 11. a3 O-O-O 12. Nf2 e6 13. Be3 Bxd3 14. Nxd3 Nf5 15. Bf2 h6 16. O-O-O Rd7 17. Nb4 Rxd1+ 18. Rxd1 Nxb4 19. axb4 b6 20. g4 Ne7 21. c4 Rd8 22. Nd4 f6 23. Nxe6 Rxd1+ 24. Kxd1 Bh8 25. exf6 Bxf6 26. Kc2 Kd7 27. Nd4 Nc6 28. Nxc6 Kxc6 29. b3 Kd6 30. Kd3 Bg7 31. c5+ Kd5 32. f5 g5 33. Be3 Bf6 34. Bf2 {Game drawn by mutual agreement} 1/2-1/2

[Event "FICS rated lightning game"]
[Site "FICS freechess.org"]
[FICSGamesDBGameNo "20002073"]
[White "Dibu"]
[Black "VrtA"]
[WhiteElo "1591"]
[BlackElo "1537"]
[WhiteRD "na"]
[BlackRD "na"]
[TimeControl "60+0"]
[Date "1999.09.25"]
[Time "01:32:00"]
[WhiteClock "0:01:00.000"]
[BlackClock "0:01:00.000"]
[ECO "B07"]
[PlyCount "47"]
[Result "0-1"]

1. e4 e6 2. d4 d6 3. c4 Be7 4. Bd3 Bd7 5. Nc3 Nf6 6. f4 O-O 7. Nf3 Nc6 8. O-O e5 9. fxe5 dxe5 10. d5 Nd4 11. Nxe5 Bc5 12. Be3 Re8 13. Nxd7 Qxd7 14. e5 Ng4 15. e6 Nxe6 16. Bxc5 Nxc5 17. h3 Ne3 18. Qh5 g6 19. Ne4 Nxf1 20. Nf6+ Kg7 21. Qxh7+ Kxf6 22. Rxf1+ Ke7 23. Qg7 Kd8 24. Rxf7 {White forfeits on time} 0-1

[Event "FICS rated blitz game"]
[Site "FICS freechess.org"]
[FICSGamesDBGameNo "20002072"]
[White "Chernee"]
[Black "CazzRabbit"]
[WhiteElo "2137"]
[BlackElo "1837"]
[WhiteRD "na"]
[BlackRD "na"]
[TimeControl "180+0"]
[Date "1999.09.25"]
[Time "00:03:00"]
[WhiteClock "0:03:00.000"]
[BlackClock "0:03:00.000"]
[ECO "B06"]
[PlyCount "118"]
[Result "0-1"]

1. e4 g6 2. Nf3 Bg7 3. Nc3 c6 4. d4 b5 5. Bd3 d6 6. O-O Bg4 7. Be3 Na6 8. h3 Bd7 9. a3 Qc8 10. Ne2 b4 11. Bxa6 Qxa6 12. axb4 Qb7 13. c3 Nf6 14. e5 Nd5 15. exd6 exd6 16. Nf4 Nxe3 17. fxe3 O-O-O 18. Nd2 f5 19. Nc4 Bf8 20. Na5 Qb5 21. Qe2 a6 22. Nb3 Be7 23. Rxa6 Qxe2 24. Nxe2 Bg5 25. Nf4 Kb7 26. Rfa1 Ra8 27. Rxa8 Rxa8 28. Rxa8 Kxa8 29. Kf2 Kb7 30. g3 Kb6 31. Nd2 Kb5 32. h4 Bf6 33. Nd3 Be6 34. b3 Bd5 35. c4+ Bxc4 36. bxc4+ Ka4 37. Kf3 Ka3 38. g4 fxg4+ 39. Kxg4 Ka4 40. Ne4 Be7 41. Ng5 h6 42. Nf7 h5+ 43. Kg3 Kb3 44. Nh8 g5 45. hxg5 Bxg5 46. Kf3 Kc3 47. Nf4 Kxc4 48. Ne6 Bf6 49. Ng6 Kxb4 50. Ke4 c5 51. d5 c4 52. Ngf4 Kc3 53. Ne2+ Kd2 54. N2d4 c3 55. Kf5 Be5 56. Kg5 Kxe3 57. Kxh5 Bxd4 58. Nxd4 Kxd4 59. Kg5 Kxd5 {White resigns} 0-1

[Event "FICS rated blitz game"]
[Site "FICS freechess.org"]
[FICSGamesDBGameNo "20002071"]
[White "gleonce"]
[Black "jock"]
[WhiteElo "1790"]
[BlackElo "1790"]
[WhiteRD "na"]
[BlackRD "na"]
[TimeControl "180+0"]
[Date "1999.09.24"]
[Time "21:55:00"]
[WhiteClock "0:03:00.000"]
[BlackClock "0:03:00.000"]
[ECO "C00"]
[PlyCount "142"]
[Result "0-1"]

1. e4 e6 2. c4 d5 3. cxd5 exd5 4. exd5 Qxd5 5. Nc3 Qa5 6. Nf3 Nf6 7. Be2 Bg4 8. O-O Nbd7 9. h3 Bh5 10. d4 Bd6 11. Be3 c6 12. a3 O-O 13. b4 Qc7 14. Qc2 h6 15. Rad1 Bg6 16. Bd3 Bxd3 17. Rxd3 Nd5 18. Nxd5 cxd5 19. Qxc7 Bxc7 20. Ne5 Bxe5 21. dxe5 Nxe5 22. Rxd5 Nc4 23. Bc5 Rfd8 24. Rxd8+ Rxd8 25. Bxa7 Nxa3 26. Bc5 Nc4 27. Rc1 Ne5 28. Ra1 Nd3 29. Ra7 Nxc5 30. bxc5 Rc8 31. Rxb7 Rxc5 32. g3 Rh5 33. h4 g5 34. Rb5 Kg7 35. Kg2 Kg6 36. Rb6+ f6 37. hxg5 hxg5 38. f3 Rh8 39. g4 Rd8 40. Kg3 Rd3 41. Rc6 Re3 42. Rb6 Rd3 43. Rc6 Re3 44. Rb6 Kf7 45. Rc6 Re6 46. Rxe6 Kxe6 47. f4 Kd5 48. Kf3 Kd4 49. fxg5 fxg5 50. Kg3 Ke4 51. Kh3 Kf3 52. Kh2 Kxg4 53. Kg2 Kh4 54. Kh2 Kg4 55. Kg2 Kf4 56. Kf2 Kg4 57. Kg2 Kf4 58. Kf2 g4 59. Kg2 g3 60. Kg1 Ke3 61. Kg2 Kf4 62. Kg1 Kg4 63. Kg2 Kh4 64. Kg1 Kh3 65. Kh1 Kg4 66. Kg2 Kf4 67. Kg1 Kg4 68. Kg2 Kf4 69. Kg1 Kf3 70. Kf1 Kg4 71. Kg2 Kh4 {White forfeits on time} 0-1

[Event "FICS rated blitz game"]
[Site "FICS freechess.org"]
[FICSGamesDBGameNo "20002070"]
[White "Homosapiens"]
[Black "cksung"]
[WhiteElo "1704"]
[BlackElo "1405"]
[WhiteRD "na"]
[BlackRD "na"]
[TimeControl "300+5"]
[Date "1999.09.24"]
[Time "20:54:00"]
[WhiteClock "0:05:00.000"]
[BlackClock "0:05:00.000"]
[ECO "D31"]
[PlyCount "62"]
[Result "0-1"]

1. d4 d5 2. c4 e6 3. Nc3 Bb4 4. cxd5 exd5 5. Bf4 Nf6 6. a3 Ba5 7. b4 Bb6 8. e3 O-O 9. Nf3 Nc6 10. h3 h6 11. Bd3 Re8 12. Qd2 Bd7 13. O-O Ne7 14. Ne5 Nf5 15. Qc2 Nd6 16. a4 a6 17. a5 Ba7 18. Rac1 c6 19. Ne2 Nde4 20. Ng3 Nxg3 21. fxg3 Bb8 22. Nxd7 Qxd7 23. Bf5 Qe7 24. Rce1 Qxb4 25. Qa2 Nh5 26. Rb1 Qe7 27. g4 Nxf4 28. exf4 Qe3+ 29. Qf2 Bxf4 30. Rxb7 Qxf2+ 31. Rxf2 Be3 {White resigns} 0-1

[Event "FICS rated blitz game"]
[Site "FICS freechess.org"]
[FICSGamesDBGameNo "20002068"]
[White "notabene"]
[Black "Chessanova"]
[WhiteElo "1775"]
[BlackElo "1724"]
[WhiteRD "na"]
[BlackRD "na"]
[TimeControl "300+0"]
[Date "1999.09.24"]
[Time "17:25:00"]
[WhiteClock "0:05:00.000"]
[BlackClock "0:05:00.000"]
[ECO "D00"]
[PlyCount "57"]
[Result "1-0"]

1. e4 d5 2. d4 dxe4 3. Nc3 Nf6 4. Bg5 Bf5 5. f3 Nc6 6. d5 Nb8 7. Bc4 h6 8. Bxf6 exf6 9. fxe4 Bg6 10. Nf3 Bc5 11. Qe2 O-O 12. O-O-O a6 13. Bb3 Re8 14. Rhe1 Nd7 15. Nh4 Bh7 16. Qg4 Ne5 17. Qg3 Bd6 18. Nf5 Bxf5 19. exf5 Qd7 20. Qh3 b5 21. Ne4 Be7 22. g4 a5 23. d6 cxd6 24. Bd5 Rac8 25. Qh5 Qc7 26. Re2 Rf8 27. h4 Qd8 28. Rg2 Qb6 29. Kb1 {Black forfeits on time} 1-0

[Event "FICS rated blitz game"]
[Site "FICS freechess.org"]
[FICSGamesDBGameNo "20002066"]
[White "Stick"]
[Black "knightfreak"]
[WhiteElo "1247"]
[BlackElo "1215"]
[WhiteRD "na"]
[BlackRD "na"]
[TimeControl "300+0"]
[Date "1999.09.24"]
[Time "17:19:00"]
[WhiteClock "0:05:00.000"]
[BlackClock "0:05:00.000"]
[ECO "B00"]
[PlyCount "131"]
[Result "0-1"]

1. e4 Nc6 2. d4 d5 3. e5 Bf5 4. a3 e6 5. Nc3 Nf6 6. Nf3 Bg4 7. Be2 Bxf3 8. Bxf3 Be7 9. O-O O-O 10. Be2 Ne4 11. Qd3 Nxc3 12. Qxc3 Bg5 13. Qe1 Bxc1 14. Rxc1 f6 15. exf6 Qxf6 16. Qd2 Qxd4 17. Qxd4 Nxd4 18. Bd3 e5 19. c3 e4 20. Bb1 Nb3 21. Rcd1 Rad8 22. Ba2 Nc5 23. Rxd5 Rxd5 24. Bxd5+ Kh8 25. Re1 Na4 26. b3 Nxc3 27. Bc4 g5 28. Re3 Nb1 29. Bd5 Nxa3 30. Rxe4 c6 31. Be6 Re8 32. Bf5 Rxe4 33. Bxe4 Nb5 34. g3 Nd4 35. b4 b6 36. Kf1 c5 37. bxc5 bxc5 38. Ke1 h6 39. Kd2 Kg7 40. Kc3 Kf6 41. Bb1 Ke6 42. Kc4 Kd6 43. Be4 Ke5 44. Bb7 Kd6 45. h3 a5 46. Be4 a4 47. Bb1 a3 48. Ba2 Nf3 49. Kc3 Ne5 50. g4 Nf3 51. Kd3 Ng1 52. Ke4 Nxh3 53. Kf5 c4 54. Bxc4 Kc5 55. Ba2 Kb4 56. f3 Kc3 57. Kg6 Kb2 58. Bf7 Nf4+ 59. Kxh6 Ne2 60. Kxg5 Nd4 61. Kf4 Nc6 62. g5 Ne7 63. Ke5 Ng6+ 64. Kf6 Nf4 65. g6 Nxg6 66. Kxg6 {White forfeits on time} 0-1

[Event "FICS rated blitz game"]
[Site "FICS freechess.org"]
[FICSGamesDBGameNo "20002065"]
[White "basenji"]
[Black "Rai"]
[WhiteElo "1814"]
[BlackElo "1663"]
[WhiteRD "na"]
[BlackRD "na"]
[TimeControl "180+0"]
[Date "1999.09.24"]
[Time "16:06:00"]
[WhiteClock "0:03:00.000"]
[BlackClock "0:03:00.000"]
[ECO "C01"]
[PlyCount "91"]
[Result "1-0"]

1. e4 e6 2. d4 d5 3. exd5 exd5 4. Nf3 c6 5. c4 Nf6 6. Nc3 Bb4 7. Bg5 O-O 8. Be2 Qa5 9. Rc1 Ne4 10. Bd2 Nxd2 11. Nxd2 Be6 12. c5 Bxc3 13. Rxc3 Qc7 14. O-O Nd7 15. Nf3 Nf6 16. Ne5 Ne4 17. Rf3 f6 18. Nd3 Ng5 19. Rg3 Ne4 20. Re3 f5 21. f3 f4 22. Nxf4 Rxf4 23. fxe4 Rxe4 24. Rxe4 dxe4 25. Qc2 Bd5 26. Bc4 Re8 27. Qe2 Qe7 28. Bxd5+ cxd5 29. b4 a6 30. a4 Qd7 31. b5 axb5 32. axb5 g6 33. Rc1 Rf8 34. c6 bxc6 35. bxc6 Qc7 36. Qb5 Qf4 37. Qxd5+ Rf7 38. Qc4 Qf2+ 39. Kh1 e3 40. c7 e2 41. c8=Q+ Kg7 42. Qxe2 Qxe2 43. h3 Qe3 44. Qc3 Qf4 45. Qf3 Qxf3 46. Kh2 {Black forfeits on time} 1-0